Map: Abyssal Reef LE

Players

llllllllllll (Zest)

  • Race: Protoss Protoss
  • League: Master
  • Spawn Location: 11:00

HeroMarine - Winner!

  • Race: Terran Terran
  • Spawn Location: 5:00

Event: HomeStory Cup XV

VOD

Have the link to the VOD?

Description

Time

  • Played on: July 22, 2017, 11:28 a.m.
  • Length: 11:56

All games in this series

Show
View Real Time Build Order
Export as new Build Order

llllllllllll Protoss 

Build Orders: 1 Gate Expand, Oracle Opening, Phoenix Opening, Zealot Archon 

Get SALT Encoding   

  12  0:00  Probe (Chrono Boost)  
  13  0:11  Probe (Chrono Boost)  
  14  0:17  Pylon  
  14  0:22  Probe (Chrono Boost)  
  15  0:35  Probe (Chrono Boost)  
  16  0:38  Gateway  
  16  0:45  Probe (Chrono Boost)  
  16  0:47  Assimilator  
  17  0:56  Probe (Chrono Boost)  
  18  1:07  Probe (Chrono Boost)  
  19  1:20  Nexus  
  19  1:31  Cybernetics Core  
  19  1:35  Probe (Chrono Boost)  
  20  1:40  Assimilator  
  20  1:45  Probe (Chrono Boost)  
  21  1:51  Pylon  
  21  1:56  Probe (Chrono Boost)  
  22  2:06  Probe (Chrono Boost)  
  23  2:09  Adept (Chrono Boost)  
  25  2:16  Stargate  
  25  2:18  Probe  
  26  2:25  Warp Gate  
  26  2:31  Probe  
  26  2:32  Probe  
  26  2:36  Adept (Chrono Boost)  
  29  2:42  Probe  
  29  2:43  Probe  
  31  2:53  Probe  
  31  2:55  Probe  
  33  3:02  Oracle (Chrono Boost)  
  36  3:07  Probe  
  36  3:08  Probe  
  38  3:14  Pylon  
  38  3:17  Probe  
  39  3:20  Probe  
  40  3:28  Probe  
  40  3:32  Probe  
  42  3:34  Gateway  
  42  3:35  Phoenix (Chrono Boost)  
  42  3:39  Probe  
  45  3:44  Probe  
  46  3:51  Nexus  
  46  3:54  Probe  
  46  3:56  Probe  
  46  4:00  Phoenix (Chrono Boost)  
  50  4:03  Pylon  
  50  4:04  Mothership Core  
  52  4:11  Probe  
  52  4:15  Assimilator  
  53  4:18  Assimilator  
  53  4:22  Phoenix (Chrono Boost)  
  55  4:24  Probe  
  55  4:25  Probe  
  56  4:35  Probe  
  56  4:37  Probe  
  58  4:40  Pylon  
  58  4:43  Phoenix (Chrono Boost)  
  60  4:49  Forge, Twilight Council  
  60  4:52  Probe  
  60  4:53  Probe  
  62  5:03  Pylon  
  62  5:05  Probe x2  
  62  5:06  Probe  
  65  5:08  Phoenix (Chrono Boost)  
  65  5:11  Protoss Ground Armor Level 1 (Chrono Boost)  
  67  5:16  Charge (Chrono Boost)  
  67  5:23  Gateway x2  
  67  5:28  Gateway  
  67  5:30  Phoenix (Chrono Boost)  
  67  5:33  Gateway  
  69  5:45  Pylon, Gateway  
  69  5:48  Gateway  
  69  5:50  Sentry x2  
  69  5:51  Probe x2  
  69  5:53  Probe  
  76  5:57  Phoenix (Chrono Boost)  
  76  6:01  Pylon  
  78  6:13  Pylon  
  78  6:14  Zealot, Templar Archives  
  78  6:16  Zealot  
  78  6:18  Pylon  
  82  6:21  Phoenix (Chrono Boost)  
  84  6:37  Zealot  
  84  6:38  Zealot x4  
  92  6:43  Phoenix (Chrono Boost)  
  94  6:48  Zealot x3  
  100  7:00  Zealot x3, High Templar x2  
  110  7:05  Archon  
  105  7:17  Zealot x3  
  111  7:25  Zealot x3  
  117  7:34  Zealot  
  117  7:35  Zealot  
  113  7:37  Zealot x2  
  107  7:48  Zealot x4  
  89  7:55  Zealot x2  
  89  7:56  Oracle (Chrono Boost)  
  84  8:01  Robotics Facility  
  82  8:06  Zealot x2  
  80  8:14  Zealot x3  
  80  8:15  Zealot x3  
  90  8:26  Protoss Ground Armor Level 2 (Chrono Boost)  
  90  8:29  Zealot x2  
  90  8:32  Phoenix (Chrono Boost)  
  94  8:38  High Templar  
  94  8:39  Zealot, High Templar x3  
  94  8:40  Zealot  
  94  8:41  Probe x3  
  109  8:46  Archon x2  
  109  8:55  Mothership Core  
  109  8:58  Observer (Chrono Boost), Pylon, Phoenix  
  112  9:04  Assimilator  
  112  9:08  Assimilator  
  112  9:09  Pylon  
  112  9:22  Zealot x7  
  124  9:31  Probe x2  
  121  9:37  Photon Cannon  
  121  9:38  Probe  
  120  9:43  Probe  
  119  9:50  Sentry  
  119  9:51  Zealot x3, High Templar x2  
  131  9:54  Psionic Storm  
  131  9:55  Probe x2  
  131  9:58  Archon  
  133  10:03  Probe  
  132  10:07  Probe  
  132  10:11  Pylon x2  
  132  10:13  Pylon  
  133  10:16  Probe  
  130  10:21  Warp Prism (Chrono Boost)  
  130  10:26  Pylon  
  132  10:31  High Templar x2  
  136  10:53  Stalker x5  
  136  10:54  Stalker  
  148  10:58  Observer  
  149  11:09  Stalker  
  149  11:10  Stalker  
  153  11:28  Stalker  
  153  11:29  Zealot x3  
  105  11:41  Zealot x2  
  105  11:42  Zealot x2  
Show
View Real Time Build Order
Export as new Build Order

HeroMarine Terran - Winner!

Build Orders: Reaper Expand, MMM Bio 

Get SALT Encoding   

  12  0:00  SCV  
  13  0:13  SCV  
  14  0:17  Supply Depot  
  14  0:25  SCV  
  15  0:33  Refinery  
  15  0:39  SCV  
  16  0:44  Barracks  
  16  0:51  SCV  
  17  1:03  SCV  
  18  1:15  SCV  
  19  1:31  Orbital Command, Reaper  
  20  1:55  Command Center  
  20  2:00  Factory  
  20  2:01  SCV  
  21  2:09  Barracks Reactor, Refinery  
  21  2:13  SCV  
  22  2:19  Supply Depot  
  22  2:25  SCV  
  23  2:41  SCV  
  24  2:44  Starport  
  24  2:45  Marine x2, Widow Mine  
  28  2:53  SCV  
  29  3:03  Marine x2  
  31  3:07  SCV  
  31  3:08  Orbital Command  
  32  3:14  Widow Mine  
  32  3:19  SCV  
  35  3:22  Viking  
  35  3:23  Marine  
  35  3:27  Marine  
  38  3:31  SCV  
  38  3:34  SCV  
  41  3:41  Barracks  
  41  3:43  SCV  
  41  3:46  SCV  
  41  3:47  Marine, Supply Depot  
  44  3:51  Marine  
  44  3:55  SCV  
  45  3:58  SCV  
  45  4:00  Barracks  
  46  4:08  Marine x2, Supply Depot  
  46  4:09  SCV  
  49  4:10  SCV  
  49  4:13  Factory Tech Lab  
  49  4:15  Starport Tech Lab  
  50  4:21  SCV  
  50  4:22  SCV  
  50  4:23  Engineering Bay  
  52  4:26  Marine x2  
  54  4:33  SCV  
  54  4:34  SCV  
  54  4:36  Stimpack  
  54  4:37  Marine  
  57  4:42  Starport Reactor, Factory Reactor, Supply Depot  
  57  4:45  SCV  
  57  4:46  SCV  
  57  4:49  Terran Infantry Weapons Level 1  
  59  4:55  Marauder, Combat Shields  
  59  4:57  SCV  
  59  4:58  SCV  
  61  5:02  Marine  
  61  5:03  Marauder, Marine  
  61  5:06  Supply Depot  
  65  5:07  Supply Depot  
  65  5:15  Supply Depot  
  65  5:18  Refinery x2  
  65  5:20  Marauder, Marine  
  65  5:21  Marine  
  69  5:22  SCV  
  69  5:28  Marauder, SCV  
  73  5:30  Medivac  
  73  5:31  Medivac  
  73  5:33  Widow Mine  
  73  5:34  Widow Mine  
  81  5:42  Marauder, Marine x2  
  83  5:45  Missile Turret  
  83  5:49  Missile Turret  
  83  5:51  Marauder  
  83  5:54  Supply Depot  
  85  5:59  Supply Depot  
  85  6:00  Marine x2  
  87  6:04  Widow Mine  
  87  6:05  Medivac, Widow Mine  
  93  6:13  SCV  
  93  6:16  SCV, Medivac  
  93  6:17  Supply Depot  
  97  6:25  Marauder x2, Marine x2  
  101  6:29  SCV  
  101  6:30  SCV  
  103  6:41  SCV  
  103  6:42  SCV  
  103  6:43  Marine  
  103  6:44  Marine  
  103  6:46  Marauder x2  
  111  6:48  Supply Depot  
  111  6:49  Supply Depot  
  107  6:55  SCV x2  
  107  7:01  Missile Turret x2  
  107  7:07  Liberator x2  
  107  7:08  Marauder x2  
  111  7:13  SCV x2  
  113  7:21  Missile Turret  
  113  7:22  Bunker, Marine x2  
  115  7:29  Marauder x2  
  125  7:34  Widow Mine x2  
  123  7:40  Marine  
  121  7:50  Marauder  
  121  7:51  Marauder  
  97  7:52  Marine  
  97  7:57  Marine  
  84  8:07  Medivac x2  
  84  8:10  Marine  
  84  8:11  Command Center  
  84  8:12  Marauder, Marine  
  91  8:14  Widow Mine, Concussive Shells  
  91  8:15  Widow Mine  
  83  8:29  Marine x2  
  83  8:30  Marauder  
  83  8:33  Marauder  
  89  8:37  Terran Infantry Armor Level 1, Medivac x2  
  89  8:40  Barracks  
  93  8:41  Barracks  
  91  8:49  SCV x2  
  91  8:51  Marauder  
  91  8:52  Liberator x2  
  91  8:54  Marine x2, Widow Mine x2  
  91  8:55  Marauder  
  103  8:58  Armory  
  103  8:59  Engineering Bay  
  103  9:02  SCV x2  
  111  9:12  Marine x2  
  111  9:13  Marauder  
  111  9:16  Marauder  
  117  9:19  SCV x2  
  117  9:32  Barracks Reactor  
  117  9:33  Barracks Tech Lab  
  117  9:34  Marauder  
  117  9:35  Widow Mine  
  117  9:36  Widow Mine  
  117  9:37  Marauder, Marine  
  117  9:38  Marine, SCV  
  126  9:46  SCV  
  126  9:50  SCV  
  126  9:54  Medivac  
  126  9:55  Marauder, Marine x2  
  126  9:59  Marauder, Medivac  
  133  10:06  Orbital Command  
  133  10:09  Marine x2  
  133  10:10  Marine  
  133  10:13  Marine, Widow Mine x2  
  139  10:17  Marauder  
  139  10:21  Marauder, Marine  
  144  10:25  Bunker  
  144  10:27  Marine  
  146  10:29  Supply Depot  
  146  10:31  Supply Depot  
  146  10:32  Supply Depot  
  146  10:33  Liberator, Marine x2  
  148  10:35  Liberator  
  148  10:36  Marine  
  149  10:50  Marine x3  
  149  10:54  Marauder, Marine, Supply Depot  
  149  10:56  Marine  
  162  11:02  Widow Mine x2  
  166  11:13  Marauder x2, Marine x2  
  170  11:20  Marine  
  171  11:26  Marauder  
  171  11:27  Supply Depot  
  171  11:28  Ghost Academy  
  171  11:34  Marauder  
Tags
 
Add a new tag
Caveats
  • Supply blocks, unpowered buildings, or Contaminate may cause inaccurate times.
  • Supply counts are checked every 10 seconds.